 Dungeon Crawl Stone Soup version 0.17-a0-1567-gdd419b1 (webtiles) character file.

8369 dorian the Arsonist (level 11, -2/74 HPs)
             Began as a Purple Draconian Fire Elementalist on July 22, 2015.
             Was a Follower of Vehumet.
             Slain by a manticore (24 damage)
             ... on level 11 of the Dungeon.
             The game lasted 00:46:14 (15653 turns).

dorian the Arsonist (DrFE)                         Turns: 15653, Time: 00:46:14

Health: -2/74      AC: 10    Str: 10    XL:     11   Next: 9%
Magic:  13/20      EV: 12    Int: 19    God:    Vehumet [*.....]
Gold:   349        SH:  0    Dex: 14    Spells: 5 memorised, 11 levels left

rFire  . . .     SeeInvis .     G - +0 spear (venom)
rCold  . . .     Clarity  .     (armour unavailable)
rNeg   + . .     SustAt   .     (no shield)
rPois  .         Gourm    .     (helmet restricted)
rElec  .         Spirit   .     N - +2 cloak {MR+}
rCorr  .         Warding  .     (no gloves)
rMut   .         Stasis   .     (no boots)
MR     ++...                    (no amulet)
Stlth  ++........               h - +3 ring of slaying
                                v - ring of positive energy

@: very resistant to hostile enchantments, unstealthy
A: breathe power, unfitting armour, antennae 1, agile 1, low mp 1, cold-blooded,
AC +7
a: Breathe Dispelling Energy, Renounce Religion


You were on level 11 of the Dungeon.
You worshipped Vehumet.
Vehumet was aware of your devotion.
You were not hungry.

You visited 2 branches of the dungeon, and saw 12 of its levels.

You collected 585 gold pieces.
You spent 236 gold pieces at shops.

Inventory:

Hand weapons
 j - a +0 blowgun
 G - a +0 spear of venom (weapon)
 V - a +1 halberd
 X - a +0 scimitar of flaming
Missiles
 g - 12 tomahawks (quivered)
 k - 67 poisoned needles
Armour
 N - a +2 cloak of magic resistance (worn)
Jewellery
 h - a +3 ring of slaying (right hand)
 v - a ring of positive energy (left hand)
 D - an uncursed ring of teleportation
 R - an uncursed amulet of stasis
Magical devices
 n - a wand of confusion (13)
 x - a wand of slowing (20)
 z - a wand of draining (3)
 F - a wand of lightning (13)
 I - a wand of teleportation (4)
 M - a wand of random effects (13)
 Q - a wand of cold (6)
 W - a wand of teleportation (2)
 Y - a wand of frost (15)
Scrolls
 e - 9 scrolls of identify
 i - a scroll of recharging {unknown}
 q - a scroll of enchant weapon {unknown}
 t - 3 scrolls of vulnerability {unknown}
 y - a scroll of magic mapping {unknown}
 B - 6 scrolls of teleportation {unknown}
 E - 7 scrolls of remove curse
 K - 2 scrolls of enchant armour
 L - a scroll of amnesia {unknown}
 O - a scroll of blinking
 S - a scroll of random uselessness {unknown}
 U - a scroll of fog {unknown}
Potions
 c - a potion of brilliance
 d - 4 potions of might
 p - a potion of agility
 u - 2 potions of flight
 w - a potion of cancellation {unknown}
 C - a potion of beneficial mutation {unknown}
 H - 2 potions of heal wounds {unknown}
 J - a potion of cure mutation {unknown}
 P - 3 potions of curing
Books
 a - a book of Flames

   Spells                             Type                      Level
   a - Flame Tongue                   Conjuration/Fire             1
   b - Throw Flame                    Conjuration/Fire             2
   c - Conjure Flame                  Conjuration/Fire             3
   d - Inner Flame                    Hexes/Fire                   3
   e - Sticky Flame                   Conjuration/Fire             4
   f - Fireball                       Conjuration/Fire             5
 f - a book of Envenomations

   Spells                             Type                      Level
   a - Spider Form                    Transmutation/Poison         3
   b - Alistair's Intoxication        Transmutation/Poison         4
   c - Olgreb's Toxic Radiance        Poison                       4
   d - Poisonous Cloud                Conjuration/Poison/Air       6
Miscellaneous
 m - a fan of gales
 T - a legendary deck of changes
Comestibles
 b - 9 bread rations
 l - 7 beef jerkies
 o - 2 chunks of flesh
 s - 5 meat rations


   Skills:
 - Level 1.7 Dodging
 - Level 1.7 Stealth
 - Level 8.0 Spellcasting
 + Level 11.1 Conjurations
 + Level 11.4 Fire Magic


You had 11 spell levels left.
You knew the following spells:

 Your Spells              Type           Power        Failure   Level  Hunger
a - Flame Tongue          Conj/Fire      #####        1%          1    None
b - Throw Flame           Conj/Fire      ######       1%          2    None
c - Conjure Flame         Conj/Fire      ######..     1%          3    None
d - Sticky Flame          Conj/Fire      ######..     1%          4    ###....
e - Fireball              Conj/Fire      ######....   2%          5    #####..


Dungeon Overview and Level Annotations

Branches:
Dungeon (11/15)            Temple (1/1) D:4            Lair (0/8) D:8
    Orc (0/4) D:9

Altars:
Ashenzari
Cheibriados
Dithmenos
Elyvilon
Fedhas
Gozag
Kikubaaqudgha
Makhleb
Nemelex Xobeh
Okawaru
Qazlal
Ru
Sif Muna
Trog
Vehumet
Xom
Yredelemnul
Zin
The Shining One

Shops:
D:6 [   D:7 =


Innate Abilities, Weirdness & Mutations

You can breathe bolts of dispelling energy.
Your rich purple scales are hard (AC +7).
Your body does not fit into most forms of armour.
You are cold-blooded and may be slowed by cold attacks.
You have a pair of small antennae on your head.
You are agile. (Dex +2)
Your magical capacity is low (-10% MP).


Message History

The manticore bites you! The manticore claws you.
The manticore claws you but does no damage.
You hit the manticore.
The manticore is poisoned.
The manticore is heavily wounded.
The manticore burns!
The manticore bites you! The manticore closely misses you.
The manticore closely misses you.
Unknown command.
You completely miss the manticore.
The manticore is heavily wounded.
The manticore burns!
The manticore bites you.
The manticore claws you but does no damage.
The manticore claws you.
* * * LOW HITPOINT WARNING * * *
Unknown command.
Drink which item? (? for menu, Esc to quit)
Okay, then.
You hit the manticore.
The manticore looks even sicker.
The manticore is severely wounded.
The manticore burns!
The manticore bites you!!
You die...

....?....#
.........#
.........#
.........#
.........#
.........#
.........# #+####
######H## #....#
#.....@.# #....#
#.......# #....#
#.......# #....#
#.......# #....#
#.......##
#....######........#
.....).............#
...................#
...................#


You could see a manticore (burning).

Vanquished Creatures
  Erica (D:9)
  Pikel (D:9)
  A hill giant (D:11)
  A troll (D:10)
  A two-headed ogre (D:8)
  A hippogriff (D:7)
  4 yaks (D:10)
  A hungry ghost (D:10)
  Grum (D:9)
  3 wolves
  2 slaves (D:9)
  2 sky beasts
  A black bear (D:7)
  7 orc warriors
  3 ice beasts (D:10)
  7 ogres
  A phantom (D:6)
  A crocodile (D:7)
  2 centaurs
  2 big kobolds
  A gnoll sergeant (D:8)
  2 giant frogs
  A wyvern zombie (D:9)
  A water moccasin zombie (D:9)
  A scorpion (D:9)
  7 wights
  16 killer bees
  2 giant frog zombies
  4 crimson imps
  2 centaur zombies
  2 centaur skeletons
  2 jellies
  2 hounds
  6 orc priests
  2 giant frog skeletons
  4 iguanas
  7 worker ants
  6 orc wizards
  A killer bee zombie (D:10)
  2 hound skeletons
  5 adders
  7 gnolls
  4 shadow imps
  2 adder skeletons (D:8)
  3 worms
  3 giant geckos
  40 orcs
  2 ball pythons
  7 giant cockroaches
  13 goblins
  10 hobgoblins
  18 bats
  6 giant newts
  19 jackals
  A jackal skeleton (D:4)
  46 kobolds
  4 quokkas
  2 quokka skeletons
  16 rats
322 creatures vanquished.

Vanquished Creatures (others)
  A hobgoblin (D:9)
  3 plants (D:5)
4 creatures vanquished.

Grand Total: 326 creatures vanquished

Notes
Turn   | Place    | Note
--------------------------------------------------------------
     0 | D:1      | dorian the Draconian Fire Elementalist began the quest for the Orb.
     0 | D:1      | Reached XP level 1. HP: 14/14 MP: 3/3
   133 | D:1      | Reached XP level 2. HP: 15/20 MP: 5/5
  1198 | D:2      | Reached XP level 3. HP: 22/26 MP: 6/6
  1428 | D:2      | Learned a level 2 spell: Throw Flame
  1432 | D:2      | Learned a level 3 spell: Conjure Flame
  1676 | D:2      | Reached skill level 4 in Fire Magic
  1857 | D:2      | Found a white marble altar of Elyvilon.
  1862 | D:2      | Found a stormy altar of Qazlal.
  1863 | D:2      | Found an opulent altar of Gozag.
  2488 | D:3      | Reached XP level 4. HP: 29/33 MP: 5/7
  2947 | D:3      | Gained mutation: You are agile. (Dex +2) [potion of mutation]
  2947 | D:3      | Gained mutation: Your magical capacity is low (-10% MP). [potion of mutation]
  2947 | D:3      | Gained mutation: You have a pair of small antennae on your head. [potion of mutation]
  3645 | D:4      | Noticed an ogre
  4092 | D:4      | Found a staircase to the Ecumenical Temple.
  4112 | D:4      | Killed an ogre
  4112 | D:4      | Reached XP level 5. HP: 38/38 MP: 1/7
  4130 | Temple   | Entered the Ecumenical Temple
  4362 | D:4      | Reached skill level 5 in Fire Magic
  4600 | D:4      | Noticed an ogre
  4661 | D:4      | Killed an ogre
  4661 | D:4      | Reached XP level 6. HP: 41/45 MP: 5/8
  5170 | D:5      | Entered Level 5 of the Dungeon
  5246 | D:5      | Found a snail-covered altar of Cheibriados.
  5557 | D:5      | Reached skill level 5 in Conjurations
  5856 | D:5      | Your scales start taking on a rich purple colour.
  5856 | D:5      | Reached XP level 7. HP: 41/50 MP: 5/10
  6230 | D:5      | Reached skill level 6 in Fire Magic
  7114 | D:6      | Reached XP level 8. HP: 54/57 MP: 13/13
  7214 | D:6      | Found an opulent altar of Gozag.
  7237 | D:6      | Found Widdorr's Armour Shop.
  7427 | D:6      | Reached skill level 5 in Spellcasting
  8088 | D:6      | Reached skill level 7 in Fire Magic
  8136 | D:6      | Bought a +2 cloak of magic resistance for 236 gold pieces
  8207 | D:7      | Learned a level 4 spell: Sticky Flame
  8948 | D:7      | Found Mous's Jewellery Boutique.
  9235 | D:7      | HP: 4/85 [poisoned by a killer bee]
  9243 | D:7      | HP: 2/85 [poisoned by a killer bee]
  9251 | D:7      | HP: 1/85 [poisoned by a killer bee]
  9257 | D:7      | HP: 1/85 [poisoned by a killer bee]
  9263 | D:7      | HP: 1/85 [poisoned by a killer bee]
  9269 | D:7      | HP: 1/85 [poisoned by a killer bee]
 10299 | D:7      | Reached skill level 8 in Fire Magic
 10299 | D:7      | Reached XP level 9. HP: 62/62 MP: 15/16
 10706 | D:8      | Found a deep blue altar of Sif Muna.
 11697 | D:8      | Found a staircase to the Lair.
 11883 | D:8      | Learned a level 5 spell: Fireball
 11890 | D:9      | Noticed Grum
 12024 | D:8      | Reached skill level 9 in Fire Magic
 12596 | D:9      | Reached XP level 10. HP: 63/69 MP: 15/19
 12709 | D:9      | Noticed Pikel
 12718 | D:9      | Killed Pikel
 12868 | D:9      | Noticed Erica
 12881 | D:9      | Killed Erica
 12881 | D:9      | Reached skill level 10 in Fire Magic
 12895 | D:9      | Killed Grum
 12900 | D:9      | Reached skill level 10 in Conjurations
 13452 | D:9      | Found a shattered altar of Ashenzari.
 13595 | D:9      | Found a staircase to the Orcish Mines.
 13711 | D:9      | Found a radiant altar of Vehumet.
 13747 | D:9      | Became a worshipper of Vehumet
 14027 | D:10     | Entered Level 10 of the Dungeon
 14550 | D:10     | Reached skill level 11 in Fire Magic
 14717 | D:10     | Acquired Vehumet's first power
 14717 | D:10     | Offered knowledge of Magic Dart by Vehumet.
 15048 | D:10     | Reached XP level 11. HP: 68/74 MP: 20/20
 15622 | D:11     | Noticed a hill giant
 15632 | D:11     | Killed a hill giant
 15653 | D:11     | Slain by a manticore

Vault maps used:
D:1:      dpeg_arrival_ratfight
D:2:      minitemple
D:4:      temple_statues, first_bread
D:5:      kennysheep_kobold_camp, hangedman_glass_teeth,
          cheibriados_altar_wand_db
D:6:      basic_altar, serial_shops, shop
D:7:      serial_shops, nicolae_shop_statue_plus, grunt_ogre_cave,
          minmay_strange_pillars
D:8:      nicolae_overflow_crystal_walls, lair_0_dummy
D:9:      kennysheep_mini_moat, vehumet_altar_wand_db, orc_0_dummy, uniq_erica,
          uniq_pikel, uniq_grum
D:10:     minmay_stone_box
Temple:   nicolae_temple_x_marks_the_god

Action                   |  1- 3 |  4- 6 |  7- 9 | 10-12 || total
-------------------------+-------+-------+-------+-------++-------
Melee: Unarmed           |   177 |       |       |       ||   177
       Trident           |    62 |   182 |   222 |       ||   466
       Mace              |     3 |       |       |       ||     3
       Spear             |       |       |   177 |   235 ||   412
 Fire: Blowgun           |       |    23 |    18 |       ||    41
 Cast: Flame Tongue      |    14 |    18 |    66 |    29 ||   127
       Conjure Flame     |       |     7 |     6 |    14 ||    27
       Throw Flame       |       |       |    19 |       ||    19
       Sticky Flame      |       |       |    14 |    14 ||    28
       Fireball          |       |       |     2 |       ||     2
Evoke: Wand              |       |     1 |     1 |       ||     2
  Use: Potion            |       |     6 |     4 |       ||    10
       Scroll            |       |     6 |       |     1 ||     7
 Stab: Sleeping          |     9 |     5 |     8 |     3 ||    25
       Distracted        |       |       |     3 |       ||     3
  Eat: Chunk             |     6 |     9 |    18 |     7 ||    40
       Pizza             |       |     1 |     1 |       ||     2
       Beef jerky        |       |     1 |     1 |     3 ||     5
       Fruit             |       |       |     2 |       ||     2
       Royal jelly       |       |       |     1 |       ||     1
